AoeStats
← jpierred

Arabia

506755641Analyzed
1v1 RM · 18d ago on Sep 15, 2026· 28m 5s· 2 players
Game mode
Random Map
Map size
Tiny (2 player)
Population
200
Speed
Normal
Resources
Standard
Victory
Conquest
Starting age
Dark Age
Ending age
Imperial Age
RankedLock teamsTeams togetherTeam positionsShared explorationLock speedFull tech treeHidden civsTurbo modeCheats
Victory
Defeat
🇲🇽 Celts · Mexico
1021
+15
🇧🇷 Mapuche · Brazil
1000
-45
jpierred
10:00 Feudal Age
9:07 Loom
10:40 Double-Bit Axe
22:31 Horse Collar
29:20 Castle Age
27:06 Champi Runner
Pancho-Hot
9:45 Feudal Age
10:03 Man-at-Arms
12:18 Loom
12:51 Double-Bit Axe
20:48 Castle Age
19:54 Gold Mining
19:46 Horse Collar
22:06 Pikeman
24:07 Scale Mail Armor
24:21 Forging
25:52 Wheelbarrow
Connection lost

Rejoining the realm…

Still unreachable

The connection could not be restored.

Session expired

The server has moved on; the page needs a fresh start.